 Dungeon Crawl Stone Soup version 0.31-a0-180-g519b7de00c (webtiles) character file.

Game seed: 1048996741603649852

48559 gelatine the Thaumaturge (level 14, -4/113 HPs)
             Began as a Demonspawn Fire Elementalist on June 19, 2023.
             Was a High Priest of Vehumet.
             Slain by a dire elephant (34 damage)
             ... on level 5 of the Lair of Beasts on June 20, 2023.
             The game lasted 01:21:52 (24095 turns).

gelatine the Thaumaturge (DsFE)                    Turns: 24095, Time: 01:21:54

Health: -4/113     AC:  7    Str: 14    XL:     14   Next: 12%
Magic:  23/29      EV: 18    Int: 28    God:    Vehumet [*****.]
Gold:   726        SH:  0    Dex: 14    Spells: 10/36 levels left

rFire   + . .        S - +4 scimitar of Odutt {freeze, Contam rElec Will+ Str+3}
rCold   x . .        (no shield)
rNeg    . . .        Y - +2 robe of Hide-and-Seek {rPois Str+3 Stlth- Archmagi}
rPois   +            (helmet unavailable)
rElec   +            p - scarf {repulsion}
rCorr   .            y - +1 pair of gloves
SInv    +            R - +0 pair of boots
Will    ++...        (no amulet)
Stlth   +            q - ring of fire
HPRegen 0.38/turn    a - +6 ring of intelligence
MPRegen 0.21/turn

%: repel missiles, archmagi
@: mighty
A: antennae 3, repulsion field 2, powered by pain 3, robust 1
a: Renounce Religion


You were on level 5 of the Lair of Beasts.
You worshipped Vehumet.
Vehumet was extremely pleased with you.
You visited 3 branches of the dungeon, and saw 17 of its levels.

You collected 1249 gold pieces.
You spent 523 gold pieces at shops.

Inventory:

Hand Weapons
 w - a +3 quarterstaff of chaos
 S - the +4 scimitar of Odutt (weapon) {freeze, Contam rElec Will+ Str+3}
   (You found it on level 11 of the Dungeon)

   Str:       It affects your strength (+3).
   rElec:     It insulates you from electricity.
   Contam:    It causes magical contamination when unequipped.
   Will:      It increases your willpower.
Missiles
 e - 3 throwing nets
 F - 4 boomerangs of dispersal
Armour
 p - a scarf of repulsion (worn)
 x - a +2 cloak of preservation
 y - a +1 pair of gloves (worn)
 G - a scarf of harm
 I - +0 acid dragon scales
 R - a +0 pair of boots (worn)
 Y - the +2 robe of Hide-and-Seek (worn) {rPois Str+3 Stlth- Archmagi}
   (You found it on level 3 of the Lair of Beasts)

   Str:       It affects your strength (+3).
   rPois:     It protects you from poison.
   Archmagi:  It increases the power of your magical spells.
   Stlth:     It makes you less stealthy.
Magical Staves
 L - a staff of fire
Jewellery
 a - a +6 ring of intelligence (right hand)
 i - a ring of protection from cold
 q - a ring of fire (left hand)
 J - a ring of wizardry
 K - a ring of protection from cold
Wands
 g - a wand of polymorph (2)
 o - a wand of quicksilver (12)
 D - a wand of flame (17)
 U - a wand of roots (11)
 V - a wand of digging (5)
 W - a wand of charming (6)
Scrolls
 b - 4 scrolls of poison
 c - 2 scrolls of summoning
 f - 7 scrolls of vulnerability
 h - 2 scrolls of fear
 l - 3 scrolls of immolation
 m - a scroll of revelation
 n - 3 scrolls of amnesia
 s - a scroll of fog
 t - 3 scrolls of noise
 u - 2 scrolls of enchant weapon
 z - 4 scrolls of teleportation
Potions
 d - 2 potions of haste
 j - 3 potions of mutation
 k - 3 potions of heal wounds
 r - 2 potions of curing
 v - 2 potions of ambrosia
 B - a potion of might
 C - 2 potions of lignification
 H - 2 potions of brilliance
 M - a potion of attraction
 O - a potion of enlightenment
 T - a potion of berserk rage


   Skills:
 * Level 7.2 Fighting
 + Level 1.4(1.8) Short Blades
 + Level 1.5(1.9) Long Blades
 * Level 5.6 Staves
 + Level 4.1 Armour
 * Level 7.1 Dodging
 + Level 3.4 Stealth
 + Level 0.2 Unarmed Combat
 * Level 11.7 Spellcasting
 * Level 7.4 Conjurations
 + Level 3.6 Hexes
 + Level 2.6 Translocations
 * Level 3.6 Transmutations
 * Level 10.9 Fire Magic
 + Level 2.4 Air Magic
 * Level 4.3 Poison Magic
 * Level 5.5 Evocations


You had 10 spell levels left.
You knew the following spells:

 Your Spells              Type           Power      Damage    Failure   Level
a - Foxfire               Conj/Fire      100%       2x1d9     1%          1
b - Scorch                Fire           100%       2d9       1%          2
c - Volatile Blastmotes   Fire/Tloc      100%       2d18      1%          3
d - Inner Flame           Hex/Fire       91%        N/A       1%          3
e - Flame Wave            Conj/Fire      100%       2d21      1%          4
f - Mephitic Cloud        Conj/Pois/Air  59%        N/A       1%          3
g - Ignite Poison         Fire/Tmut/Pois 86%        N/A       1%          3
h - Wereblood             Tmut           53%        N/A       1%          2
i - Fireball              Conj/Fire      50%        3d20      1%          5

Your spell library contained the following spells:

 Spells                   Type           Power      Damage    Failure   Level
 Magic Dart               Conj           100%       1d8       1%          1
 Sandblast                Erth           48%        2d12      1%          1
 Cigotuvi's Dreadful Rot  Necr/Pois/Air  86%        N/A       1%          2
 Searing Ray              Conj           100%       2d8       1%          2
 Stone Arrow              Conj/Erth      100%       3d13      1%          3
 Fulminant Prism          Conj/Hex       31%        3d15      1%          4
 Passwall                 Tmut/Erth      32%        N/A       2%          2
 Tukima's Dance           Hex            53%        N/A       2%          3
 Starburst                Conj/Fire      50%        6d14      3%          6
 Yara's Violent Unravell  Hex/Tmut       26%        3d11      6%          5
 Freezing Cloud           Conj/Ice/Air   25%        6-21      7%          5
 Plasma Beam              Fire/Air       44%        2x1d58    9%          6
 Ozocubu's Armour         Ice            24%        N/A       10%         3
 Passage of Golubria      Tloc           46%        N/A       12%         4
 Ice Form                 Ice/Tmut       39%        N/A       16%         4
 Alistair's Intoxication  Tmut/Pois      36%        N/A       19%         5
 Eringya's Noxious Bog    Tmut/Pois      27%        N/A       24%         6
 Leda's Unmaking          Conj/Erth      27%        9d5       28%         6
 Dispel Undead            Necr           24%        3d12      32%         4
 Summon Ice Beast         Ice/Summ       24%        N/A       32%         4
 Summon Mana Viper        Hex/Summ       39%        N/A       41%         5
 Borgnjor's Vile Clutch   Necr/Erth      12%        N/A       67%         5
 Death Channel            Necr           12%        N/A       99%         6
 Simulacrum               Ice/Necr       12%        N/A       99%         6
 Ozocubu's Refrigeration  Ice            12%        4d10      99%         7
 Monstrous Menagerie      Summ           12%        N/A       100%        7
 Storm Form               Tmut/Air       25%        N/A       100%        7
 Polar Vortex             Ice            12%        N/A       100%        9


Dungeon Overview and Level Annotations

Branches:
Dungeon (11/15)            Temple (1/1) D:6            Lair (5/5) D:11
 Shoals (0/4) Lair:2       Spider (0/4) Lair:2        Slime (0/5) Lair:5
    Orc (0/2) D:9

Altars:
Ashenzari
Cheibriados
Dithmenos
Fedhas
Gozag
Hepliaklqana
Kikubaaqudgha
Makhleb
Nemelex Xobeh
Okawaru
Qazlal
Ru
Sif Muna
Trog
Uskayaw
Vehumet
Wu Jian
Xom
Yredelemnul
Jiyva

Shops:
D:4 [:   D:7 (:*[

Portals:
Trove: D:11 (give 6 scrolls of fog)

Annotations:
Lair:5 3 runed translucent doors, Starbright's ghost, journeyman TrBe


Innate Abilities, Weirdness & Mutations

You have a pair of large antennae on your head. (SInv)
You are surrounded by a moderate repulsion field. (EV +3)
You are powered by pain.
You are robust. (+10% HP)


Message History

Confirm with . or Enter, or press ? or * to list all spells.
You feel a strong surge of power!
A cloud of volatile blastmotes flares up around you!
The dire elephant closely misses you. The dire elephant misses you.
The dire elephant attacks as you move away!
The dire elephant tramples you!!!
You focus on the pain.
You feel very mighty all of a sudden. The dire elephant trunk-slaps you!
The dire elephant is no longer more vulnerable to fire.
The cloud of blastmotes explodes!
The concussive blast engulfs the dire elephant.
The dire elephant is heavily wounded.
The concussive blast engulfs you! You resist.
You are knocked back by the blast.
You hear a bark!
You hear a howl!
You hear a bark! x2
Casting: Volatile Blastmotes (safe; 1% risk of failure)
Confirm with . or Enter, or press ? or * to list all spells.
Aiming: Fireball (mildly dangerous; 1% risk of failure)
Press: ? - help, Shift-Dir - straight line, f/p - dire elephant
Aim: a dire elephant (heavily wounded)
You feel a strong surge of power!
The fireball explodes!
The fireball engulfs the dire elephant!!
The dire elephant is severely wounded.
Unknown command.
You slash the dire elephant! You freeze the dire elephant.
The dire elephant is almost dead.
The dire elephant barely misses you. The dire elephant trunk-slaps you!
The wolf completely misses you.
You hit the dire elephant but do no damage.
The dire elephant is almost dead.
The wolf barely misses you. The dire elephant barely misses you.
The dire elephant closely misses you. The wolf closely misses you.
Unknown command.
You hit the dire elephant but do no damage.
The dire elephant is almost dead.
The wolf closely misses you. The dire elephant misses you.
The dire elephant trunk-slaps you!
* * * LOW HITPOINT WARNING * * *
The wolf closely misses you. The dire elephant tramples you!!
You die...

........###### ...P...##
......## #### ..P...####
###..#
.....#...##########.#..## .?.
....#.....#.#.#.##.#...(# ...#
...#............#.#÷...###...#
..###....#.......h#÷....÷..#
..# #####.#...#.@Y.#.÷..##..#
..# #######..###.=.## # ..# #
#.#.##..# ###÷...# .##
....#.#....# #.....# ..#
..........## ##h...[# .##
{{.........## .....# .#
.#...#.### )...## .# ##. ##
!...# .# # #.#.


You could see a dire elephant and a wolf.

Vanquished Creatures
  Josephine (Lair:5)
  A vault guard (D:11)
  3 hydras
  A two-headed ogre (D:11)
  7 death yaks
  A skyshark (Lair:5)
  16 elephants
  2 black mambas
  2 torpor snails
  A gargoyle (D:11)
  19 cane toads
  10 komodo dragons
  3 rime drakes (Lair:5)
  2 trolls
  A hornet (D:9)
  13 polar bears
  13 blink frogs
  2 shadows
  36 yaks
  3 wyverns
  Sigmund (D:6)
  5 wraiths
  4 basilisks
  2 steam dragons
  Edmund (D:4)
  3 wargs (Lair:5)
  17 water moccasins
  6 hell hounds
  2 acid dragons
  15 black bears
  A sky beast (D:8)
  4 ice beasts
  2 orc warriors
  23 wolves
  An ogre (D:7)
  4 centaurs
  16 bullfrogs
  3 scorpions
  3 gnoll sergeants
  4 wights (D:6)
  3 jellies
  15 killer bees
  A howler monkey (D:7)
  A vampire bat (D:3)
  An electric eel (D:11)
  3 orc priests (D:9)
  3 hounds
  A gnoll bouda (D:5)
  A sleepcap (D:6)
  Crazy Yiuf (D:4)
  Natasha (thrice) (D:2)
  6 iguanas
  10 orc wizards
  Robin (D:4)
  24 gnolls
  9 adders
  A shadow imp (D:5)
  A white imp (D:5)
  3 ufetubi (D:5)
  4 worms (D:2)
  2 dart slugs (D:2)
  24 orcs
  3 bats
  4 bat skeletons (D:3)
  2 bat zombies (D:3)
  9 endoplasms
  16 goblins
  16 hobgoblins
  5 quokkas
  5 ball pythons
  5 frilled lizards
  8 kobolds
  5 rats
450 creatures vanquished.

Vanquished Creatures (collateral kills)
  A meliai (Lair:2)
  2 yaks (Lair:3)
  A killer bee (Lair:2)
  4 foxfires
8 creatures vanquished.

Vanquished Creatures (others)
  1285 foxfires
1285 creatures vanquished.

Grand Total: 1743 creatures vanquished

Notes
Turn   | Place    | Note
-------+----------+-------------------------------------------
     0 | D:1      | gelatine the Demonspawn Fire Elementalist began the quest
                  | for the Orb.
     0 | D:1      | Reached XP level 1. HP: 13/13 MP: 3/3
   227 | D:1      | Gained mutation: You have a pair of small antennae on your
                  | head. [demonic ancestry]
   227 | D:1      | Reached XP level 2. HP: 19/19 MP: 1/5
   765 | D:1      | Found a faded altar of an unknown god.
   910 | D:1      | Gained mutation: You sometimes gain a little power by
                  | taking damage. [demonic ancestry]
   910 | D:1      | Reached XP level 3. HP: 24/24 MP: 3/6
  1408 | D:2      | Noticed Natasha
  1411 | D:2      | Killed Natasha
  1467 | D:2      | Gained mutation: You are surrounded by a mild repulsion
                  | field. (EV +2) [demonic ancestry]
  1467 | D:2      | Reached XP level 4. HP: 30/30 MP: 0/8
  1801 | D:2      | Noticed Natasha
  1807 | D:2      | Killed Natasha
  1808 | D:2      | Reached skill level 3 in Spellcasting
  1961 | D:2      | Noticed Natasha
  1965 | D:2      | Killed Natasha
  2071 | D:2      | Got the Precepts of Telluric Shaping
  2182 | D:2      | Gained mutation: You are surrounded by a moderate repulsion
                  | field. (EV +3) [demonic ancestry]
  2182 | D:2      | Reached XP level 5. HP: 30/35 MP: 3/9
  2795 | D:3      | Learned a level 2 spell: Scorch
  2817 | D:3      | Learned a level 3 spell: Volatile Blastmotes
  3324 | D:3      | Found an ancient bone altar of Kikubaaqudgha.
  3597 | D:4      | Found Nixzitz's Tiny Tomes.
  3798 | D:4      | Reached XP level 6. HP: 42/42 MP: 5/11
  3934 | D:4      | Noticed Robin
  3942 | D:4      | Reached skill level 1 in Fighting
  3980 | D:4      | Killed Robin
  4141 | D:4      | Found a runed translucent door.
  4142 | D:4      | Noticed Crazy Yiuf
  4148 | D:4      | Killed Crazy Yiuf
  4241 | D:4      | Noticed Edmund
  4293 | D:4      | Killed Edmund
  4294 | D:4      | Reached skill level 1 in Armour
  4555 | D:4      | Found Cull's Armour Boutique.
  4565 | D:4      | Bought a +0 pair of gloves for 49 gold pieces
  4573 | D:4      | Reached skill level 1 in Short Blades
  4573 | D:4      | Gained mutation: You have a pair of antennae on your head.
                  | [demonic ancestry]
  4573 | D:4      | Reached XP level 7. HP: 48/48 MP: 5/12
  4583 | D:4      | Reached skill level 4 in Spellcasting
  4712 | D:4      | Reached skill level 1 in Translocations
  4809 | D:4      | Reached skill level 1 in Evocations
  4958 | D:5      | Entered Level 5 of the Dungeon
  5369 | D:5      | Found an opulent altar of Gozag.
  5937 | D:5      | Found an iron altar of Okawaru.
  5979 | D:5      | Gained mutation: You sometimes gain power by taking damage.
                  | [demonic ancestry]
  5979 | D:5      | Reached XP level 8. HP: 33/56 MP: 15/15
  5981 | D:5      | Reached skill level 1 in Staves
  6546 | D:6      | Reached skill level 5 in Spellcasting
  6617 | D:6      | Found a staircase to the Ecumenical Temple.
  6637 | Temple   | Entered the Ecumenical Temple
  6840 | Temple   | Became a worshipper of Vehumet
  7027 | D:6      | Noticed Sigmund
  7045 | D:6      | Killed Sigmund
  7046 | D:6      | Reached skill level 5 in Fire Magic
  7186 | D:6      | Found a shadowy altar of Dithmenos.
  7411 | D:6      | Found an ornate altar of the Wu Jian Council.
  7673 | D:6      | Reached skill level 6 in Spellcasting
  7840 | D:6      | Reached XP level 9. HP: 62/62 MP: 8/18
  8212 | D:7      | HP: 3/62 [shot self (8)]
  8440 | D:7      | Found Monemet's Weapon Shoppe.
  8757 | D:7      | Reached skill level 7 in Spellcasting
  8830 | D:7      | Found Roumobb's Antique Armour Boutique.
  8859 | D:7      | Found Rosed's Assorted Antiques.
  8873 | D:7      | Reached * piety under Vehumet
  8873 | D:7      | Offered knowledge of Freeze by Vehumet.
  8931 | D:7      | Bought an orange potion for 31 gold pieces
  8931 | D:7      | Bought an amethyst potion for 31 gold pieces
  8956 | D:7      | Noticed Maggie
  8988 | D:7      | Maggie changed into Maggie the black bear
  8988 | D:7      | Noticed Maggie
  8992 | D:7      | Killed Maggie the black bear
  9148 | D:7      | Learned a level 3 spell: Inner Flame
  9153 | D:7      | Learned a level 4 spell: Flame Wave
  9180 | D:7      | Found Hyafem's Book Shoppe.
  9188 | D:7      | Bought a Trismegistus Codex for 286 gold pieces
  9408 | D:8      | Found a burning altar of Makhleb.
  9408 | D:8      | Found a hide-covered altar of Uskayaw.
 10567 | D:9      | Reached XP level 10. HP: 36/71 MP: 9/21
 10996 | D:9      | Reached skill level 1 in Hexes
 11222 | D:9      | Offered knowledge of Magic Dart by Vehumet.
 11644 | D:9      | Found a staircase to the Orcish Mines.
 11802 | D:10     | Entered Level 10 of the Dungeon
 11804 | D:10     | Reached ** piety under Vehumet
 11931 | D:10     | Reached skill level 8 in Spellcasting
 12048 | D:10     | Found a broken altar of Ashenzari.
 12576 | D:10     | Reached skill level 5 in Conjurations
 13024 | D:7      | Bought a pair of boots for 126 gold pieces
 13102 | D:11     | Found a staircase to the Lair.
 13114 | D:11     | Noticed a two-headed ogre
 13123 | D:11     | Killed a two-headed ogre
 13135 | D:11     | Reached skill level 5 in Dodging
 13342 | D:11     | Noticed a gargoyle
 13758 | D:11     | Identified the +4 scimitar of Odutt {freeze, Contam rElec
                  | Will+ Str+3}
 13782 | D:11     | Gained mutation: You are powered by pain. [demonic
                  | ancestry]
 13782 | D:11     | Reached XP level 11. HP: 71/78 MP: 13/23
 14024 | D:11     | Offered knowledge of Momentum Strike by Vehumet.
 14248 | D:11     | Reached skill level 5 in Fighting
 14309 | D:11     | Noticed a vault guard
 14359 | D:11     | Killed a vault guard
 14797 | D:11     | Found a portal to a secret trove of treasure.
 14974 | Lair:1   | Entered Level 1 of the Lair of Beasts
 15507 | Lair:1   | Reached skill level 9 in Spellcasting
 16123 | Lair:1   | Reached *** piety under Vehumet
 16136 | Lair:1   | HP: 4/80 [shot self (7)]
 17612 | Lair:2   | Found a staircase to the Shoals.
 17640 | Lair:2   | Noticed a death yak
 17642 | Lair:2   | Noticed a death yak
 17643 | Lair:2   | Gained mutation: You have a pair of large antennae on your
                  | head. (SInv) [demonic ancestry]
 17643 | Lair:2   | Reached XP level 12. HP: 57/87 MP: 10/25
 17845 | Lair:2   | Offered knowledge of Mephitic Cloud by Vehumet.
 17876 | Lair:2   | Learned a level 3 spell: Mephitic Cloud
 17880 | Lair:2   | Learned a level 3 spell: Ignite Poison
 17893 | Lair:2   | Learned a level 2 spell: Wereblood
 17966 | Lair:2   | Reached skill level 10 in Spellcasting
 17968 | Lair:2   | Reached skill level 1 in Poison Magic
 18144 | Lair:2   | Found a hole to the Spider Nest.
 18149 | Lair:2   | HP: 2/87 [poisoned by a meliai]
 18460 | Lair:2   | Killed a death yak
 18670 | Lair:2   | Reached skill level 1 in Air Magic
 18674 | Lair:2   | Killed a death yak
 19165 | Lair:3   | Reached skill level 1 in Transmutations
 19180 | Lair:3   | Reached **** piety under Vehumet
 19388 | Lair:3   | Offered knowledge of Airstrike by Vehumet.
 19735 | Lair:3   | Noticed a seven-headed hydra
 19749 | Lair:3   | Killed a seven-headed hydra
 20021 | Lair:3   | Identified the +2 robe of Hide-and-Seek {rPois Str+3 Stlth-
                  | Archmagi}
 20216 | Lair:4   | Gained mutation: You are robust. (+10% HP) [demonic
                  | ancestry]
 20216 | Lair:4   | Reached XP level 13. HP: 64/104 MP: 3/27
 20438 | Lair:4   | Reached skill level 10 in Fire Magic
 20505 | Lair:4   | Reached skill level 11 in Spellcasting
 20514 | Lair:4   | Reached skill level 5 in Staves
 20752 | Lair:4   | Reached ***** piety under Vehumet
 20784 | Lair:4   | Offered knowledge of Fireball by Vehumet.
 20791 | Lair:4   | Learned a level 5 spell: Fireball
 21742 | Lair:5   | Entered Level 5 of the Lair of Beasts
 21751 | Lair:5   | Noticed Josephine
 21760 | Lair:5   | Killed Josephine
 22080 | Lair:5   | Found a runed translucent gate.
 22080 | Lair:5   | Found a runed translucent gate.
 22080 | Lair:5   | Found a runed translucent gate.
 22081 | Lair:5   | Noticed an acid blob
 22081 | Lair:5   | Noticed an azure jelly
 22082 | Lair:5   | Noticed an acid blob
 22084 | Lair:5   | Noticed Starbright's ghost (journeyman TrBe)
 22084 | Lair:5   | Noticed an acid blob
 22084 | Lair:5   | Noticed an azure jelly
 22084 | Lair:5   | Noticed an acid blob
 22084 | Lair:5   | Noticed an acid blob
 22084 | Lair:5   | Noticed an acid blob
 22085 | Lair:5   | Noticed an acid blob
 22085 | Lair:5   | Noticed an azure jelly
 22086 | Lair:5   | Noticed an acid blob
 22086 | Lair:5   | Noticed an acid blob
 22087 | Lair:5   | Found a viscous altar of Jiyva.
 22094 | Lair:5   | Found a staircase to the Slime Pits.
 22452 | Lair:4   | Reached skill level 5 in Evocations
 23045 | Lair:5   | Identified the +1 helmet "Ninoag" {Will+ rCorr Str+4}
 23360 | Lair:5   | Reached XP level 14. HP: 70/113 MP: 29/29
 23783 | Lair:5   | Reached skill level 1 in Long Blades
 24095 | Lair:5   | Slain by a dire elephant

Illustrated notes

Levels and vault maps discovered:
D:1:      lemuel_arrival_cross, layout_basic, chequers_ecumenical_altar_island,
          grunt_decor_mini_mirrors
D:2:      minmay_skewed_foursquare, layout_basic, hangedman_decor_slide_cut,
          chequers_serial_rivers_marsh, hangedman_decor_growths,
          kennysheep_crisscross, st_stairs_14, serial_bayou_pond_c, uniq_natasha
D:3:      layout_rooms, kennysheep_vampire_church, serial_glass,
          glass_columns_c, glass_columns_b, nicolae_underground_beach
D:4:      layout_basic, serial_shops, shop, nicolae_shop_i_like_small_books_too,
          minivault_24, uniq_robin, uniq_crazy_yiuf_cottage, uniq_edmund
D:5:      layout_cave_pools, okawaru_gym_becter, nicolae_gozag_seed_capital,
          serial_co_window_serial, co_window_paths_b, co_window_paths_b,
          co_window_paths_a, co_window_corner_a, co_window_corner_a,
          co_window_corner_ca, co_window_broadway_a, co_window_of_opportunity_c,
          co_window_4corner_b, glass_columns_c, minmay_fractal_squares_gapless_5
D:6:      layout_basic, kennysheep_little_box, old_standard_altar,
          minmay_temple_entry_mini_moons, kennysheep_generic_room_4,
          uniq_sigmund
D:7:      layout_basic, serial_shops, nicolae_shop_getting_attention, shop,
          shop, nicolae_take_the_stairs, hangedman_decor_opposing, uniq_maggie
D:8:      layout_basic, chequers_temple_overflow_statue_of_worship
D:9:      layout_loops_ring, orc_0_dummy
D:10:     layout_stronghold, ashenzari_conservatory_becter
D:11:     layout_roguey, lair_entry_dummy, enter_trove_5, kennysheep_minor_cross
Temple:   nicolae_temple_bog_church
Lair:1:   layout_roguey, grunt_forest_stairs_basic
Lair:2:   layout_chaotic_city, elwin_shoals_entry_rocks,
          hellmonk_spider_entry_not_the_bees, minivault_25,
          grunt_forest_stairs_clearing
Lair:3:   layout_cave_shapes, grunt_megastairs_2
Lair:4:   layout_misc_corridors, grunt_megastairs_5
Lair:5:   hangedman_lair_caniforms_friends, layout_big_grid,
          guppyfry_lair_end_dragon, slime_entry_1, gammafunk_ghost_ooze,
          uniq_josephine

Skill      XL: |  1  2  3  4  5  6  7  8  9 10 11 12 13 14 |
---------------+-------------------------------------------+-----
Dodging        | 2 3 4 5 6 7 |  7.1
Fire Magic     | 3 4 5 6 7 8 9 10 | 10.9
Spellcasting   | 3 4 6 7 8 9 10 11 | 11.7
Stealth        | 2 3 |  3.4
Conjurations   | 2 3 4 5 6 7 |  7.4
Fighting       | 1 2 3 4 5 6 7 |  7.2
Armour         | 1 3 4 |  4.1
Short Blades   | 1 |  1.4
Translocations | 1 2 |  2.6
Evocations     | 1 2 3 4 5 |  5.5
Staves         | 1 2 3 4 5 |  5.6
Hexes          | 2 3 |  3.6
Poison Magic   | 3 4 |  4.3
Air Magic      | 2 |  2.4
Transmutations | 1 3 |  3.6
Long Blades    | 1 |  1.5
Unarmed Combat | |  0.2

Action                     |  1- 3 |  4- 6 |  7- 9 | 10-12 | 13-15 || total
---------------------------+-------+-------+-------+-------+-------++-------
  Melee: Unarmed           |     9 |       |       |       |       ||     9
         Dagger            |     4 |    36 |       |       |       ||    40
         Punch             |       |     1 |       |     3 |       ||     4
         Quarterstaff      |       |    11 |    38 |       |       ||    49
         Staff             |       |       |       |   151 |    20 ||   171
         Scimitar          |       |       |       |       |   114 ||   114
   Cast: Foxfire           |    71 |   132 |   233 |   263 |    82 ||   781
         Scorch            |       |    10 |    40 |   111 |     8 ||   169
         Volatile Blastmot |       |     8 |    36 |    58 |     3 ||   105
         Flame Wave        |       |       |     2 |    31 |    15 ||    48
         Mephitic Cloud    |       |       |       |     3 |     4 ||     7
         Ignite Poison     |       |       |       |     3 |     2 ||     5
         Wereblood         |       |       |       |     3 |     1 ||     4
         Fireball          |       |       |       |       |    40 ||    40
    Use: Potion            |       |     2 |     1 |     9 |     1 ||    13
         Scroll            |       |       |    11 |     8 |     8 ||    27
   Stab: Distracted        |       |     1 |       |       |       ||     1
 Armour: Robe              |     2 |    15 |    14 |     1 |    61 ||    93
         Acid dragon scale |       |       |     6 |    76 |       ||    82
  Dodge: Dodged            |     4 |    52 |    71 |   261 |   283 ||   671
         Repelled          |       |       |       |     1 |     2 ||     3

Table legend: (Time is in decaauts)
 A = Elapsed time spent in this place.
 B = Non-inter-level travel time spent in this place.
 C = Inter-level travel time spent in this place.
 D = Time resting spent in this place.
 E = Time spent auto-exploring this place.
 F = Levels seen in this place.
 G = Mean time per level.
                   A        B        C        D        E       F      G
               +--------+--------+--------+--------+--------+-----+--------+
         Total |  24154 |  23358 |    796 |      0 |  19498 |  17 | 1420.8 |
       Dungeon |  14819 |  14400 |    419 |      0 |  12063 |  11 | 1347.2 |
        Temple |    231 |    188 |     43 |      0 |    176 |   1 |  231.0 |
          Lair |   9103 |   8770 |    333 |      0 |   7259 |   5 | 1820.6 |
               +--------+--------+--------+--------+--------+-----+--------+

Top non-repeatable levels by time:
  Lair:1: 2508 daAuts
  Lair:5: 2043 daAuts
  Lair:2: 1731 daAuts
  Lair:4: 1639 daAuts
     D:2: 1616 daAuts
    D:10: 1611 daAuts
     D:5: 1505 daAuts
    D:11: 1471 daAuts
     D:6: 1467 daAuts
     D:8: 1358 daAuts
     D:4: 1349 daAuts
     D:7: 1269 daAuts
     D:1: 1187 daAuts
     D:9: 1182 daAuts
  Lair:3: 1181 daAuts
